TOP OF THE 1ST |
Texas (APP) Rangers batting - Pitching for Baltimore (APP) Orioles : RHP Bob Bychyk
|
Pitching: RHP Bob Bychyk
|
|
Batting: RHB Ron Squires
|
0-0: Ball 1-0: Called Strike 1-1: Ground out 6-3 (Groundball, 6S, EV 76.2 MPH)
|
Batting: LHB Eddie Reyes
|
0-0: Ball 1-0: Ball 2-0: Ball 3-0: Called Strike 3-1: Base on Balls
|
Batting: RHB Jerry Foster
|
0-0: Called Strike 0-1: Ball 1-1: Ball Eddie Reyes is caught stealing 2nd base 2-4 2-1: Ball 3-1: Called Strike 3-2: Ground out U3 (Groundball, 23, EV 82.5 MPH)
|
Top of the 1st over - 0 runs, 0 hits, 0 errors, 0 left on base; Texas (APP) 0 - Baltimore (APP) 0 |
BOTTOM OF THE 1ST |
Baltimore (APP) Orioles batting - Pitching for Texas (APP) Rangers : RHP Bobby Scott
|
Pitching: RHP Bobby Scott
|
|
Batting: RHB Ruben Domingues
|
0-0: Ball 1-0: Called Strike 1-1: Ball 2-1: Ball 3-1: Called Strike 3-2: Fly out, F9 (Flyball, 9D, EV 96.2 MPH)
|
Batting: LHB Xue-liang Zhou
|
0-0: Swinging Strike 0-1: Ball 1-1: Ball 2-1: Ball 3-1: Foul Ball, location: 2F 3-2: Foul Ball, location: 2F 3-2: Strikes out swinging
|
Batting: LHB Jeremy Nuzzo
|
0-0: Ball 1-0: Ball 2-0: Called Strike 2-1: Ball 3-1: Foul Ball, location: 2F 3-2: Strikes out swinging
|
Bottom of the 1st over - 0 runs, 0 hits, 0 errors, 0 left on base; Texas (APP) 0 - Baltimore (APP) 0 |
TOP OF THE 2ND |
Texas (APP) Rangers batting - Pitching for Baltimore (APP) Orioles : RHP Bob Bychyk
|
Batting: RHB Nick Solberg
|
0-0: Ball 1-0: Ball 2-0: Swinging Strike 2-1: SINGLE (Groundball, 25, EV 70.6 MPH) (infield hit)
|
Batting: RHB Elias Sagrero
|
0-0: Ball Nick Solberg steals 2nd base (no throw) 1-0: Ball 2-0: Ball 3-0: Called Strike 3-1: Base on Balls
|
Batting: RHB Luis Solorzano
|
0-0: Fly out, F6 (Line Drive, 6M, EV 74.4 MPH) Lined into DP, U6 (Line Drive, 6M, EV 75.0 MPH)
|
Batting: SHB Albert Ortiz
|
0-0: Called Strike 0-1: Ball 1-1: Ball Wild Pitch! Elias Sagrero to second 2-1: Ball 3-1: Called Strike 3-2: Base on Balls
|
Batting: RHB Torsten Fisher
|
0-0: Called Strike 0-1: SINGLE (Groundball, 4MD, EV 103.8 MPH) Elias Sagrero to third Albert Ortiz to second Runner from 3rd tries for Home, SAFE, throw by CF to home
|
Batting: LHB Bobby Scott
|
0-0: Reached on error, E3 (Groundball, 3L, EV 98.1 MPH) Albert Ortiz to third Torsten Fisher to second
|
Batting: RHB Ron Squires
|
0-0: Ground out 4-3 (Groundball, 4, EV 81.9 MPH)
|
Top of the 2nd over - 1 run, 2 hits, 1 error, 3 left on base; Texas (APP) 1 - Baltimore (APP) 0 |
BOTTOM OF THE 2ND |
Baltimore (APP) Orioles batting - Pitching for Texas (APP) Rangers : RHP Bobby Scott
|
Batting: SHB Eric Kelley
|
0-0: Ground out 3-1 (Groundball, 34S, EV 85.0 MPH)
|
Batting: RHB C.J. Wells
|
0-0: Called Strike 0-1: Ball 1-1: Ball 2-1: Ball 3-1: Called Strike 3-2: Strikes out swinging
|
Batting: LHB Chris Cohen
|
0-0: Swinging Strike 0-1: Ball 1-1: Foul Ball, location: 2F 1-2: Foul Ball, location: 2F 1-2: Ball 2-2: Foul Ball, location: 2F 2-2: Foul Ball, location: 2F 2-2: Strikes out swinging
|
Bottom of the 2nd over - 0 runs, 0 hits, 0 errors, 0 left on base; Texas (APP) 1 - Baltimore (APP) 0 |
TOP OF THE 3RD |
Texas (APP) Rangers batting - Pitching for Baltimore (APP) Orioles : RHP Bob Bychyk
|
Batting: LHB Eddie Reyes
|
0-0: Swinging Strike 0-1: Foul Ball, location: 2F 0-2: Ball 1-2: Foul Ball, location: 2F 1-2: Ball 2-2: Fly out, F4 (Line Drive, 4, EV 73.8 MPH)
|
Batting: RHB Jerry Foster
|
0-0: Called Strike 0-1: Ball 1-1: Ball 2-1: Swinging Strike 2-2: Ball 3-2: Base on Balls
|
Batting: RHB Nick Solberg
|
0-0: Called Strike 0-1: Ball 1-1: Swinging Strike 1-2: Reached on error, E5 (Groundball, 56, EV 88.8 MPH) Jerry Foster to second
|
Batting: RHB Elias Sagrero
|
0-0: Ball 1-0: Called Strike 1-1: Foul Ball, location: 2F 1-2: Ball 2-2: Foul Ball, location: 2F 2-2: Fielders Choice at 2nd, 1-6 (Groundball, 34S, EV 64.4 MPH) Jerry Foster to third
|
Batting: RHB Luis Solorzano
|
0-0: Called Strike 0-1: Swinging Strike 0-2: Fly out, F8 (Flyball, 8LM, EV 84.4 MPH)
|
Top of the 3rd over - 0 runs, 0 hits, 1 error, 2 left on base; Texas (APP) 1 - Baltimore (APP) 0 |
BOTTOM OF THE 3RD |
Baltimore (APP) Orioles batting - Pitching for Texas (APP) Rangers : RHP Bobby Scott
|
Batting: RHB Juan Eyrich
|
0-0: Ball 1-0: Ball 2-0: Ball 3-0: Called Strike 3-1: DOUBLE (Flyball, 7LD, EV 100.6 MPH)
|
Batting: LHB Edwin Cabral
|
0-0: Called Strike 0-1: Ball 1-1: Foul Ball, location: 2F 1-2: Ball 2-2: Foul Ball, location: 2F 2-2: Foul Ball, location: 2F 2-2: Strikes out swinging
|
Batting: LHB Ivan Alvarez
|
0-0: Swinging Strike 0-1: Foul Ball, location: 2F 0-2: Strikes out swinging
|
Batting: RHB Ruben Domingues
|
0-0: Ball 1-0: Swinging Strike 1-1: Foul Ball, location: 2F 1-2: Fly out, F9 (Flyball, 9, EV 93.8 MPH)
|
Bottom of the 3rd over - 0 runs, 1 hit, 0 errors, 1 left on base; Texas (APP) 1 - Baltimore (APP) 0 |
TOP OF THE 4TH |
Texas (APP) Rangers batting - Pitching for Baltimore (APP) Orioles : RHP Bob Bychyk
|
Batting: SHB Albert Ortiz
|
0-0: Swinging Strike 0-1: Foul Ball, location: 2F 0-2: Strikes out swinging
|
Batting: RHB Torsten Fisher
|
0-0: Ball 1-0: Called Strike 1-1: Ball 2-1: Ground out 5-3 (Groundball, 5, EV 86.9 MPH)
|
Batting: LHB Bobby Scott
|
0-0: Swinging Strike 0-1: Ground out 6-3 (Groundball, 6, EV 85.0 MPH)
|
Top of the 4th over - 0 runs, 0 hits, 0 errors, 0 left on base; Texas (APP) 1 - Baltimore (APP) 0 |
BOTTOM OF THE 4TH |
Baltimore (APP) Orioles batting - Pitching for Texas (APP) Rangers : RHP Bobby Scott
|
Batting: LHB Xue-liang Zhou
|
0-0: Called Strike 0-1: Fly out, F8 (Line Drive, 8RD, EV 111.9 MPH)
|
Batting: LHB Jeremy Nuzzo
|
0-0: Called Strike 0-1: Ground out U3 (Groundball, 3, EV 103.8 MPH)
|
Batting: SHB Eric Kelley
|
0-0: Foul Ball, location: 2F 0-1: Ball 1-1: Swinging Strike 1-2: Ball 2-2: Strikes out swinging
|
Bottom of the 4th over - 0 runs, 0 hits, 0 errors, 0 left on base; Texas (APP) 1 - Baltimore (APP) 0 |
TOP OF THE 5TH |
Texas (APP) Rangers batting - Pitching for Baltimore (APP) Orioles : RHP Bob Bychyk
|
Batting: RHB Ron Squires
|
0-0: Ball 1-0: Reached on error, E1 (Groundball, 15, EV 66.2 MPH)
|
Batting: LHB Eddie Reyes
|
0-0: Called Strike 0-1: Ball 1-1: Ball 2-1: Foul Ball, location: 2F 2-2: Foul Ball, location: 2F 2-2: Foul Ball, location: 2F 2-2: Ball 3-2: Strikes out looking
|
Batting: RHB Jerry Foster
|
0-0: Ball 1-0: Ball Ron Squires steals 3rd base 2-0: Foul Ball, location: 2F 2-1: Foul Ball, location: 2F 2-2: Strikes out swinging
|
Batting: RHB Nick Solberg
|
0-0: Called Strike 0-1: Foul Ball, location: 2F 0-2: Ground out U3 (Groundball, 34S, EV 81.2 MPH)
|
Top of the 5th over - 0 runs, 0 hits, 1 error, 1 left on base; Texas (APP) 1 - Baltimore (APP) 0 |
BOTTOM OF THE 5TH |
Baltimore (APP) Orioles batting - Pitching for Texas (APP) Rangers : RHP Bobby Scott
|
Batting: RHB C.J. Wells
|
0-0: Called Strike 0-1: Ball 1-1: Called Strike 1-2: Foul Ball, location: 2F 1-2: Ball 2-2: Strikes out swinging
|
Batting: LHB Chris Cohen
|
0-0: Ball 1-0: Fly out, F8 (Flyball, 8LXD, EV 81.9 MPH)
|
Batting: RHB Juan Eyrich
|
0-0: Called Strike 0-1: Swinging Strike 0-2: Ball 1-2: Strikes out swinging
|
Bottom of the 5th over - 0 runs, 0 hits, 0 errors, 0 left on base; Texas (APP) 1 - Baltimore (APP) 0 |
TOP OF THE 6TH |
Texas (APP) Rangers batting - Pitching for Baltimore (APP) Orioles : RHP Bob Bychyk
|
Batting: RHB Elias Sagrero
|
0-0: Fly out, F9 (Flyball, 9LS, EV 88.8 MPH)
|
Batting: RHB Luis Solorzano
|
0-0: Ball 1-0: Fly out, F9 (Flyball, 9, EV 97.5 MPH)
|
Batting: SHB Albert Ortiz
|
0-0: Called Strike 0-1: Foul Ball, location: 2F 0-2: Foul Ball, location: 2F 0-2: Strikes out swinging
|
Top of the 6th over - 0 runs, 0 hits, 0 errors, 0 left on base; Texas (APP) 1 - Baltimore (APP) 0 |
BOTTOM OF THE 6TH |
Baltimore (APP) Orioles batting - Pitching for Texas (APP) Rangers : RHP Bobby Scott
|
Batting: LHB Edwin Cabral
|
0-0: Ball 1-0: Fly out, F7 (Flyball, 7, EV 87.5 MPH)
|
Batting: LHB Ivan Alvarez
|
0-0: Swinging Strike 0-1: Ball 1-1: Ball 2-1: Swinging Strike 2-2: Ball 3-2: Strikes out swinging
|
Batting: RHB Ruben Domingues
|
0-0: Fly out, F9 (Line Drive, 89M, EV 86.2 MPH)
|
Bottom of the 6th over - 0 runs, 0 hits, 0 errors, 0 left on base; Texas (APP) 1 - Baltimore (APP) 0 |
TOP OF THE 7TH |
Texas (APP) Rangers batting - Pitching for Baltimore (APP) Orioles : RHP Bob Bychyk
|
Pitching: RHP Zhao-jun Zong
|
|
Batting: RHB Torsten Fisher
|
0-0: Foul Ball, location: 2F 0-1: SINGLE (Groundball, 56D, EV 99.4 MPH)
|
Batting: LHB Bobby Scott
|
0-0: Bunt missed! 0-1: Ball 1-1: Bunt - Flyout to 2R! F2
|
Batting: RHB Ron Squires
|
0-0: Swinging Strike 0-1: Foul Ball, location: 2F 0-2: Ball Passed Ball! Torsten Fisher to second 1-2: Ball 2-2: Foul Ball, location: 2F 2-2: Fly out, F9 (Flyball, 9, EV 92.5 MPH)
|
Batting: LHB Eddie Reyes
|
0-0: Called Strike 0-1: Ball 1-1: Called Strike 1-2: Ball 2-2: Ball 3-2: Foul Ball, location: 2F 3-2: Foul Ball, location: 2F 3-2: Foul Ball, location: 2F 3-2: Ground out U3 (Groundball, 3S, EV 80.6 MPH)
|
Top of the 7th over - 0 runs, 1 hit, 0 errors, 1 left on base; Texas (APP) 1 - Baltimore (APP) 0 |
BOTTOM OF THE 7TH |
Baltimore (APP) Orioles batting - Pitching for Texas (APP) Rangers : RHP Bobby Scott
|
Batting: LHB Xue-liang Zhou
|
0-0: Ball 1-0: Foul Ball, location: 2F 1-1: Foul Ball, location: 2F 1-2: Ball 2-2: Ball 3-2: Strikes out swinging
|
Batting: LHB Jeremy Nuzzo
|
0-0: Ball 1-0: Ball 2-0: Called Strike 2-1: Ball 3-1: Swinging Strike 3-2: Ground out 4-3 (Groundball, 4, EV 83.8 MPH)
|
Batting: SHB Eric Kelley
|
0-0: Ball 1-0: Called Strike 1-1: Swinging Strike 1-2: Reached via error on a dropped throw from 1B, E1 (Groundball, 13, EV 84.4 MPH)
|
Batting: RHB C.J. Wells
|
0-0: Reached on error, E5 (Groundball, 5, EV 82.5 MPH) Eric Kelley to second
|
Batting: LHB Chris Cohen
|
0-0: Ball 1-0: Foul Ball, location: 2F 1-1: Ball 2-1: Foul Ball, location: 2F 2-2: Ground out U3 (Groundball, 34S, EV 80.6 MPH)
|
Bottom of the 7th over - 0 runs, 0 hits, 2 errors, 2 left on base; Texas (APP) 1 - Baltimore (APP) 0 |
TOP OF THE 8TH |
Texas (APP) Rangers batting - Pitching for Baltimore (APP) Orioles : RHP Zhao-jun Zong
|
Batting: RHB Jerry Foster
|
0-0: Foul Ball, location: 2F 0-1: Foul Ball, location: 2F 0-2: Ball 1-2: Ground out 5-3 (Groundball, 56S, EV 86.2 MPH)
|
Batting: RHB Nick Solberg
|
0-0: Called Strike 0-1: Swinging Strike 0-2: Ball 1-2: Foul Ball, location: 2F 1-2: Foul Ball, location: 2F 1-2: Reached on error, E5 (Groundball, 56S, EV 83.8 MPH)
|
Batting: RHB Elias Sagrero
|
0-0: Foul Ball, location: 2F 0-1: Called Strike 0-2: Strikes out swinging
|
Batting: RHB Luis Solorzano
|
0-0: Ball 1-0: Foul Ball, location: 2F 1-1: Ball 2-1: Foul Ball, location: 2F 2-2: Foul Ball, location: 2F 2-2: Ball 3-2: Foul Ball, location: 2F 3-2: Strikes out looking
|
Top of the 8th over - 0 runs, 0 hits, 1 error, 1 left on base; Texas (APP) 1 - Baltimore (APP) 0 |
BOTTOM OF THE 8TH |
Baltimore (APP) Orioles batting - Pitching for Texas (APP) Rangers : RHP Bobby Scott
|
Batting: RHB Juan Eyrich
|
0-0: Hit by Pitch
|
Pinch Hitting: RHB Minoru Matsumoto
|
0-0: Ball Wild Pitch! Juan Eyrich to second 1-0: Swinging Strike 1-1: Foul Ball, location: 2F 1-2: Foul Ball, location: 2F 1-2: Ground out 6-3 (Groundball, 6, EV 87.5 MPH) Juan Eyrich to third
|
Pitching: LHP Alex Boites
|
|
Pinch Hitting: RHB Dou-wan Pan
|
0-0: Called Strike 0-1: Ground out 6-3 (Groundball, 56S, EV 76.9 MPH)
|
Batting: RHB Ruben Domingues
|
0-0: Ball 1-0: Called Strike 1-1: Swinging Strike 1-2: Ball 2-2: Foul Ball, location: 2F 2-2: Ball 3-2: Strikes out swinging
|
Bottom of the 8th over - 0 runs, 0 hits, 0 errors, 1 left on base; Texas (APP) 1 - Baltimore (APP) 0 |
TOP OF THE 9TH |
Texas (APP) Rangers batting - Pitching for Baltimore (APP) Orioles : RHP Zhao-jun Zong
|
Pitching: RHP Harold Price
|
|
Now at 2B: Imbart van Rens
|
|
Now at SS: Dou-wan Pan
|
|
Batting: SHB Albert Ortiz
|
0-0: Foul Ball, location: 2F 0-1: Ball 1-1: Ball 2-1: Foul Ball, location: 2F 2-2: Ball 3-2: Base on Balls
|
Batting: RHB Torsten Fisher
|
0-0: Ball 1-0: Ball 2-0: Sac Bunt to P - play at first, batter OUT! 1-4 Albert Ortiz to second
|
Batting: LHB Bobby Scott
|
0-0: Ground out 6-3 (Groundball, 6M, EV 101.2 MPH) Albert Ortiz to third
|
Batting: RHB Ron Squires
|
0-0: Called Strike 0-1: DOUBLE (Line Drive, 9LM, EV 108.1 MPH) Albert Ortiz scores
|
Batting: LHB Eddie Reyes
|
0-0: Ball 1-0: Ball Passed Ball! Ron Squires to third 2-0: Ball 3-0: Called Strike 3-1: SINGLE (Groundball, 4M, EV 102.5 MPH) (infield hit) Ron Squires scores
|
Batting: RHB Jerry Foster
|
0-0: Fielders Choice at 2nd, 6-4 (Groundball, 6, EV 108.8 MPH)
|
Top of the 9th over - 2 runs, 2 hits, 0 errors, 1 left on base; Texas (APP) 3 - Baltimore (APP) 0 |
BOTTOM OF THE 9TH |
Baltimore (APP) Orioles batting - Pitching for Texas (APP) Rangers : LHP Alex Boites
|
Batting: LHB Xue-liang Zhou
|
0-0: Ball 1-0: Ball 2-0: Foul Ball, location: 2F 2-1: Foul Ball, location: 2F 2-2: Foul Ball, location: 2F 2-2: Strikes out swinging
|
Batting: LHB Jeremy Nuzzo
|
0-0: Ground out 4-3 (Groundball, 4S, EV 73.8 MPH)
|
Batting: SHB Eric Kelley
|
0-0: Foul Ball, location: 2F 0-1: Foul Ball, location: 2F 0-2: Ground out 4-3 (Groundball, 4, EV 91.2 MPH)
|
Bottom of the 9th over - 0 runs, 0 hits, 0 errors, 0 left on base; Texas (APP) 3 - Baltimore (APP) 0 |
|